 Dungeon Crawl Stone Soup version 0.29.1-12-g30fa7ad0bf (webtiles) character file.

Game seed: 5465715311313212842

1043 Oxelix the Basher (level 8, -22/73 HPs)
             Began as a Minotaur Fighter on Jan 15, 2023.
             Was a Follower of Ashenzari.
             Killed from afar by Maggie (26 damage)
             ... with a bolt of fire
             ... on level 5 of the Dungeon.
             The game lasted 00:11:34 (4847 turns).

Oxelix the Basher (Minotaur Fighter)                Turns: 4847, Time: 00:11:35

Health: -22/73     AC:  9    Str: 24    XL:     8   Next: 4%
Magic:  7/7        EV: 10    Int: 11    God:    Ashenzari [*.....]
Gold:   191        SH:  8    Dex:  9    Spells: 7/7 levels left

rFire   . . .      SeeInvis .   x - +0 morningstar "I Knew You'd Do That" {Melee, Range} (curse)
rCold   . . .      Faith    .   I - +0 kite shield "Sybil of Ashenzari" {Alch, Cun} (curse)
rNeg    + . .      Spirit   .   A - +4 Cigotuvi's embrace {rMiasma Drain rN+}
rPois   .          Reflect  .   (helmet restricted)
rElec   .          Harm     .   g - +0 cloak
rCorr   .          Rampage  .   (no gloves)
Will    .....                   c - +0 pair of boots
Stlth   +.........              (no amulet)
HPRegen 0.22/turn               J - +6 ring of intelligence
MPRegen 0.10/turn               (no ring)

@: mighty, mesmerised
A: horns 2, retaliatory headbutt
a: Renounce Religion, Shatter the Chains


You were on level 5 of the Dungeon.
You worshipped Ashenzari.
Ashenzari was aware of your devotion.
You visited 1 branch of the dungeon, and saw 6 of its levels.

You collected 191 gold pieces.

Inventory:

Hand Weapons
 a - a +0 flail
 x - the cursed +0 morningstar "I Knew You'd Do That" (weapon) {Melee, Range}
   (You took it off an orc on level 3 of the Dungeon)

   It has a curse which improves the following skills: Melee Combat: Short
   Blades, Long Blades, Axes, Maces & Flails, Polearms, Staves and Unarmed
   Combat.
   Ranged Combat: Ranged Weapons and Throwing.
Missiles
 i - 3 curare-tipped darts (quivered)
 H - 5 poisoned darts
Armour
 c - a +0 pair of boots (worn)
 g - a +0 cloak (worn)
 y - a +0 scale mail of fire resistance
 A - the +4 Cigotuvi's embrace (worn) {rMiasma Drain rN+}
   (You found it on level 3 of the Dungeon)

   It gathers nearby corpses to temporarily increase the armour it provides.
   It protects you from foul pestilence.
   rN:        It protects you from negative energy.
   Drain:     It drains your maximum health when unequipped.
 I - the cursed +0 kite shield "Sybil of Ashenzari" (worn) {Alch, Cun}
   (You found it on level 4 of the Dungeon)

   It has a curse which improves the following skills: Alchemy: Poison Magic and
   Transmutations.
   Cunning:   Dodging and Stealth.
Magical Staves
 m - a staff of death
 r - a staff of poison
Jewellery
 F - a +6 ring of dexterity
 J - a +6 ring of intelligence (left hand)
Wands
 t - a wand of flame (17)
 D - a wand of light (8)
 E - a wand of roots (4)
Scrolls
 e - a scroll of silence
 f - 6 scrolls of identify
 h - 3 scrolls of vulnerability
 l - a scroll of amnesia
 o - 6 scrolls of teleportation
 p - 2 scrolls of fog
 q - a scroll of poison
 v - 2 scrolls of immolation
 w - a scroll of blinking
 z - a scroll of fear
 C - a scroll of enchant armour
Potions
 b - a potion of ambrosia
 d - 2 potions of might
 j - 2 potions of curing
 k - 2 potions of haste
 n - 2 potions of resistance
 u - a potion of attraction
 B - a potion of lignification
 G - a potion of heal wounds


   Skills:
 + Level 7.0 Fighting
 * Level 9.0(9.9) Maces & Flails
 - Level 3.6 Armour
 + Level 3.1(3.8) Dodging
 - Level 3.6 Shields


You had 7 spell levels left.
You didn't know any spells.
Your spell library contained the following spells:

 Spells                   Type           Power      Damage    Failure   Level
 Ignite Poison            Fire/Tmut/Pois 0%         N/A       98%         3
 Mephitic Cloud           Conj/Pois/Air  0%         N/A       98%         3
 Freezing Cloud           Conj/Ice/Air   0%         6-21      100%        5


Dungeon Overview and Level Annotations

Branches:
Dungeon (6/15)             Temple (0/1) D:5

Altars:
Ashenzari
Makhleb
Qazlal
Xom
Zin

Annotations:
D:5 Maggie


Innate Abilities, Weirdness & Mutations

You have a pair of horns on your head.
You reflexively headbutt those who attack you in melee.


Message History

Maggie gestures at you while chanting. The bolt of fire hits you!!
You hit Maggie but do no damage.
Maggie is almost dead.
Maggie drinks a potion.
Maggie is healed!
You sock Maggie! You headbutt Maggie, but do no damage.
Maggie is heavily wounded.
You block Maggie's attack.
You sock Maggie!
Maggie is severely wounded.
Maggie hits you with a +0 war axe!
You puncture Maggie! Your headbutt misses Maggie.
Maggie is almost dead.
You block Maggie's attack.
You hit Maggie.
Maggie is almost dead.
Maggie misses you. You furiously retaliate!
You headbutt Maggie, but do no damage. Maggie casts a spell at you.
The bolt of fire hits you!
* * * LOW HITPOINT WARNING * * *
You feel very mighty all of a sudden. Maggie hits you but does no damage.
You barely miss Maggie.
Maggie is almost dead.
Maggie points at you and mumbles some strange words.
The bolt of fire hits you!
* * * LOW HITPOINT WARNING * * *
You hit Maggie but do no damage. Your headbutt misses Maggie.
Maggie is almost dead.
Maggie mumbles some strange words.
Maggie draws you further into her thrall.
You closely miss Maggie. Your headbutt misses Maggie.
Maggie is almost dead.
Maggie misses you.
You barely miss Maggie.
Maggie is almost dead.
Maggie points at you and mumbles some strange words.
The bolt of fire hits you!!
You die...

#..# #.....# ############..#
######...!.#
#.............###...)..#####
#......#.......##.#######
#.....###...#...........#
#....##_##........#####.#
#...##...##.......# #.#
#..####'####.....######.#####
#.##.#...#.##...@'.....<.)..###
#....'.⌠.'._##.@.#########....#
#.##.#...#.##....####.........#
#######'#####......##.##......###
#...# #......##.##......... ##_##
#......##.##..#...### ###
#########.##..#......
#############.#####..####
####...~......#..........#..


You could see Maggie (mesmerising).

Vanquished Creatures
  The ghost of vvl the Stinger, an amateur DsVM (D:3)
  A water moccasin (D:5)
  An ice beast (D:5)
  A centaur (D:5)
  An ogre (D:5)
  A phantom (D:5)
  A necrophage (D:5)
  A howler monkey (D:5)
  A hound (D:5)
  A gnoll bouda (D:5)
  2 iguanas
  Terence (D:3)
  Robin (D:2)
  5 adders
  5 gnolls (D:5)
  A white imp (D:6)
  3 ufetubi
  2 dart slugs
  19 orcs
  6 endoplasms
  A giant cockroach (D:1)
  11 goblins
  8 hobgoblins
  7 jackals
  6 kobolds
  6 quokkas
  3 ball pythons (D:1)
  4 bats
  3 frilled lizards (D:2)
  7 rats
111 creatures vanquished.

Notes
Turn   | Place    | Note
-------+----------+-------------------------------------------
     0 | D:1      | Oxelix the Minotaur Fighter began the quest for the Orb.
     0 | D:1      | Reached XP level 1. HP: 19/19 MP: 0/0
   168 | D:1      | Reached skill level 3 in Maces & Flails
   174 | D:1      | Reached XP level 2. HP: 21/27 MP: 1/1
  1149 | D:2      | Reached XP level 3. HP: 33/33 MP: 2/2
  1159 | D:2      | Reached skill level 4 in Maces & Flails
  1550 | D:2      | You fall into a shaft and drop 1 floor!
  1625 | D:2      | Noticed Robin
  1630 | D:2      | Killed Robin
  1631 | D:2      | Reached XP level 4. HP: 37/41 MP: 3/3
  1724 | D:2      | Found a stormy altar of Qazlal.
  2179 | D:3      | Noticed Terence
  2185 | D:3      | Killed Terence
  2186 | D:3      | Reached skill level 5 in Maces & Flails
  2220 | D:3      | Found a broken altar of Ashenzari.
  2228 | D:3      | Became a worshipper of Ashenzari the Shackled
  2289 | D:3      | Found a runed translucent door.
  2289 | D:3      | Found the +4 Cigotuvi's embrace {rMiasma Drain rN+}
  2290 | D:3      | Noticed vvl's ghost (amateur DsVM)
  2303 | D:3      | Killed vvl's ghost
  2304 | D:3      | Reached skill level 5 in Fighting
  2304 | D:3      | Reached skill level 6 in Maces & Flails
  2304 | D:3      | Reached XP level 5. HP: 47/48 MP: 4/4
  2392 | D:3      | Reached XP level 6. HP: 56/56 MP: 5/5
  2435 | D:3      | Found a faded altar of an unknown god.
  3436 | D:5      | Entered Level 5 of the Dungeon
  3447 | D:5      | Reached skill level 7 in Maces & Flails
  3450 | D:5      | Reached * piety under Ashenzari
  3802 | D:5      | Noticed an ice beast
  3813 | D:5      | Reached skill level 1 in Dodging
  3813 | D:5      | Reached XP level 7. HP: 60/63 MP: 6/6
  3825 | D:5      | Reached skill level 8 in Maces & Flails
  3938 | D:5      | Reached XP level 8. HP: 43/73 MP: 7/7
  4083 | D:5      | Found a staircase to the Ecumenical Temple.
  4188 | D:5      | Found a glowing silver altar of Zin.
  4190 | D:5      | Found a shimmering altar of Xom.
  4193 | D:5      | Found a burning altar of Makhleb.
  4571 | D:5      | Reached skill level 9 in Maces & Flails
  4573 | D:5      | Reached ** piety under Ashenzari
  4820 | D:6      | Noticed Maggie
  4844 | D:5      | HP: 3/73 [Maggie/bolt of fire (17)]
  4847 | D:5      | Killed from afar by Maggie

Illustrated notes

Levels and vault maps discovered:
D:1:      minmay_arrival_three_doors, layout_loops_ring, st_stairs_11
D:2:      layout_basic, basic_altar, st_stairs_11, kennysheep_decorative_pillar,
          chequers_serial_rivers_small_a, kennysheep_small_spiral,
          minmay_crystal_room, serial_bayou_pond_d, uniq_robin
D:3:      layout_rooms, evilmike_ruin_ashenzari, shapermc_ecumenical_altar_venn,
          ebering_ghost_inner_flame, uniq_terence
D:4:      nicolae_cairo_tiling, layout_loops_cross
D:5:      layout_basic, grunt_temple_overflow_diamond, minmay_temple_entry_mist,
          chequers_serial_rivers_small_3
D:6:      layout_rooms, minmay_misc_feat_cross, minivault_10, uniq_menkaure,
          uniq_maggie, uniq_crazy_yiuf_cottage

Skill      XL: |  1  2  3  4  5  6  7  8 |
---------------+-------------------------+-----
Maces & Flails | 3 4 6 7 8 9 |  9.0
Fighting       | 4 5 6 7 |  7.0
Dodging        | 1 3 |  3.1
Armour         | |  3.6
Shields        | |  3.6

Action                   |  1- 3 |  4- 6 |  7- 9 || total
-------------------------+-------+-------+-------++-------
Melee: Flail             |    87 |    25 |       ||   112
       Headbutt          |     9 |    25 |     9 ||    43
       Morningstar       |       |   121 |    57 ||   178
Invok: Curse Item        |       |     2 |     1 ||     3
       Shatter the Chain |       |       |     1 ||     1
  Use: Potion            |       |       |     2 ||     2
Armor: Scale mail        |    40 |    22 |       ||    62
       Leather armour    |       |    58 |    22 ||    80
Dodge: Dodged            |    34 |    68 |    17 ||   119
Block: Buckler           |    18 |    18 |       ||    36
       Kite shield       |       |    34 |    16 ||    50
